 Dungeon Crawl Stone Soup version 0.29-a0-872-g797fff5ad1 (webtiles) character file.

Game seed: 8490537460893008442

154 BritishOli the Ducker (level 5, -17/41 HPs)
             Began as a Demonspawn Gladiator on July 18, 2022.
             Demolished by an ogre
             ... wielding a +0 giant club
              (32 damage)
             ... on level 4 of the Dungeon.
             The game lasted 00:03:53 (2704 turns).

BritishOli the Ducker (Demonspawn Gladiator)        Turns: 2704, Time: 00:03:53

Health: -17/41     AC:  4    Str: 16    XL:     5   Next: 13%
Magic:  5/5        EV: 12    Int: 10    God:
Gold:   244        SH:  0    Dex: 14    Spells: 4/4 levels left

rFire   . . .      SeeInvis .   a - +0 long sword
rCold   . . .      Faith    .   (no shield)
rNeg    . . .      Spirit   .   b - +0 leather armour
rPois   .          Reflect  .   c - +0 helmet
rElec   .          Harm     .   (no cloak)
rCorr   .          Rampage  .   (no gloves)
Will    .....                   (no boots)
Stlth   +.........              (no amulet)
HPRegen 0.13/turn               i - ring of flight
MPRegen 0.09/turn               (no ring)

@: flying
A: ignite blood 2
a: no special abilities


You were on level 4 of the Dungeon.
You visited 1 branch of the dungeon, and saw 4 of its levels.

You collected 244 gold pieces.

Inventory:

Hand Weapons
 a - a +0 long sword (weapon)
Missiles
 d - 3 throwing nets (quivered)
 e - a javelin
Armour
 b - a +0 leather armour (worn)
 c - a +0 helmet (worn)
Jewellery
 i - a ring of flight (left hand)
Scrolls
 f - 5 scrolls of identify {unknown}
 g - 4 scrolls of teleportation {unknown}
 j - a scroll of fear {unknown}
 l - a scroll of enchant armour {unknown}
 n - a scroll of vulnerability {unknown}
 o - a scroll of amnesia {unknown}
 q - a scroll of immolation {unknown}
Potions
 h - 3 potions of mutation {unknown}
 k - a potion of lignification {unknown}
 m - a potion of attraction {unknown}
 p - 4 potions of curing {unknown}


   Skills:
 + Level 3.2 Fighting
 + Level 3.5 Long Blades
 - Level 2.0 Throwing
 + Level 1.7 Armour
 + Level 3.5 Dodging


You had 4 spell levels left.
You didn't know any spells.
Your spell library contained the following spells:

 Spells                   Type           Power      Damage    Failure   Level
 Ensorcelled Hibernation  Hex/Ice        0%         N/A       56%         2
 Passwall                 Tmut/Erth      0%         N/A       56%         2
 Call Canine Familiar     Summ           0%         N/A       80%         3
 Inner Flame              Hex/Fire       0%         N/A       80%         3
 Portal Projectile        Hex/Tloc       0%         N/A       80%         3
 Swiftness                Air            0%         N/A       80%         3
 Cause Fear               Hex            0%         N/A       99%         4
 Leda's Liquefaction      Hex/Erth       0%         N/A       99%         4
 Discord                  Hex            0%         N/A       100%        8


Dungeon Overview and Level Annotations

Branches:
Dungeon (4/15)
 Temple: D:4-7

Altars:
Nemelex Xobeh
Qazlal
Vehumet


Innate Abilities, Weirdness & Mutations

Your demonic aura often causes spilled blood to erupt in flames.


Message History

The hobgoblin hits you.
A hobgoblin is nearby!
You hit the hobgoblin.
You kill the hobgoblin!
An ogre comes into view. It is wielding a +0 giant club.
An ogre is nearby!
An ogre is nearby!
The ogre shouts!
You see here a hobgoblin corpse.
An ogre is nearby!
An ogre is nearby!
An ogre is nearby!
You hit the ogre.
The ogre is lightly wounded.
The ogre hits you with a +0 giant club!!
An ogre is nearby!
You barely miss the ogre.
The ogre is lightly wounded.
An ogre is nearby!
An ogre is nearby!
You hit the ogre.
The ogre is lightly wounded.
The ogre hits you with a +0 giant club!
An ogre is nearby!
An ogre is nearby!
You are too injured to fight recklessly!
An ogre is nearby!
You are too injured to fight recklessly!
An ogre is nearby!
You barely miss the ogre.
The ogre is lightly wounded.
The ogre barely misses you.
You hit the ogre.
The ogre is moderately wounded.
The ogre barely misses you.
You barely miss the ogre.
The ogre is moderately wounded.
The ogre hits you with a +0 giant club!!
Ouch! That really hurt!
You die...

#.##.##)# #.##.##.###
#.........# #
#.##..#.#.# .#
#.###.#.#.# .#
#.........# #.##
#.###.#.#### ##...###.
#.......##.###....[..#
#####.###)...†@O.....#
#........###.#....
#####...## # # ##.##
###


You could see an ogre.

Vanquished Creatures
  An iguana (D:2)
  Natasha (D:2)
  4 adders (D:2)
  A worm (D:3)
  2 dart slugs
  3 bats
  3 endoplasms
  8 goblins
  6 hobgoblins
  5 kobolds
  8 quokkas
  4 ball pythons
  2 frilled lizards (D:1)
  8 rats
56 creatures vanquished.

Notes
Turn   | Place    | Note
-------+----------+-------------------------------------------
     0 | D:1      | BritishOli the Demonspawn Gladiator began the quest for the
                  | Orb.
     0 | D:1      | Reached XP level 1. HP: 16/16 MP: 1/1
   138 | D:1      | Gained mutation: Your demonic aura sometimes causes spilled
                  | blood to erupt in flames. [demonic ancestry]
   138 | D:1      | Reached XP level 2. HP: 15/22 MP: 2/2
   393 | D:1      | Found a faded altar of an unknown god.
   912 | D:2      | Reached XP level 3. HP: 25/28 MP: 3/3
  1021 | D:2      | Reached skill level 1 in Armour
  1021 | D:2      | Reached XP level 4. HP: 21/34 MP: 4/4
  1268 | D:2      | Noticed Natasha
  1271 | D:2      | Killed Natasha
  1336 | D:2      | Found a radiant altar of Vehumet.
  1849 | D:3      | Gained mutation: Your demonic aura often causes spilled
                  | blood to erupt in flames. [demonic ancestry]
  1849 | D:3      | Reached XP level 5. HP: 41/41 MP: 5/5
  2348 | D:3      | Found a stormy altar of Qazlal.
  2576 | D:3      | Found a sparkling altar of Nemelex Xobeh.
  2696 | D:4      | Noticed an ogre
  2704 | D:4      | Demolished by an ogre

Illustrated notes

Levels and vault maps discovered:
D:1:      minmay_arrival_loop, layout_loops_ring,
          shapermc_ecumenical_altar_totnotflames
D:2:      layout_basic, basic_altar, uniq_natasha
D:3:      minmay_general_purpose_star, layout_rooms, grunt_qazlal_clouds,
          nemelex_spade_bored_becter
D:4:      layout_loops_corners, mainiacjoe_overflow_six_doors_small, tgw_sif,
          nicolae_overflow_hidden_temple

Skill      XL: |  1  2  3  4 |
---------------+-------------+-----
Throwing       | 2 |  2.0
Long Blades    | 3 |  3.5
Dodging        | 3 |  3.5
Armour         | 1 |  1.7
Fighting       | 3 |  3.2

Action                   |  1- 3 |  4- 6 || total
-------------------------+-------+-------++-------
Melee: Long sword        |    80 |   116 ||   196
       Punch             |     1 |     1 ||     2
 Stab: Sleeping          |       |     1 ||     1
Armor: Leather armour    |    25 |    28 ||    53
Dodge: Dodged            |    51 |    72 ||   123

Table legend: (Time is in decaauts)
 A = Elapsed time spent in this place.
 B = Non-inter-level travel time spent in this place.
 C = Inter-level travel time spent in this place.
 D = Time resting spent in this place.
 E = Time spent auto-exploring this place.
 F = Levels seen in this place.
 G = Mean time per level.
                   A        B        C        D        E       F      G
               +--------+--------+--------+--------+--------+-----+--------+
         Total |   2749 |   2646 |    103 |      0 |   2199 |   4 |  687.2 |
       Dungeon |   2749 |   2646 |    103 |      0 |   2199 |   4 |  687.2 |
               +--------+--------+--------+--------+--------+-----+--------+

Top non-repeatable levels by time:
     D:2: 982 daAuts
     D:1: 857 daAuts
     D:3: 853 daAuts
     D:4: 56 daAuts
